 Dungeon Crawl Stone Soup version 0.29-a0-330-g52719c12eb (webtiles) character file.

Game seed: 4760628013469255982

55389 HendSelp the Phalangite (level 14, -14/124 HPs)
             Began as a Merfolk Gladiator on Apr 12, 2022.
             Was a High Priest of Wu Jian.
             Demolished by an orc knight
             ... wielding a +1 battleaxe of electrocution
              (40 damage)
             ... on level 2 of the Orcish Mines.
             The game lasted 00:48:27 (20396 turns).

HendSelp the Phalangite (Merfolk Gladiator)        Turns: 20396, Time: 00:48:28

Health: -14/124    AC: 24    Str: 21    XL:     14   Next: 77%
Magic:  14/14      EV: 18    Int:  7    God:    Wu Jian [*****.]
Gold:   1639       SH:  0    Dex: 17    Spells: 13/13 levels left

rFire   . . .      SeeInvis +   c - +5 trident (freeze)
rCold   . . .      Faith    .   (no shield)
rNeg    + . .      Spirit   .   m - +13 chain mail "Boucrul" {Str+3 Slay+6}
rPois   +          Reflect  .   b - -2 helmet "Dumoeral" {Will++}
rElec   .          Harm     +   J - scarf {harm}
rCorr   .          Rampage  .   (no gloves)
Will    +++..                   n - +0 pair of boots
Stlth   ..........              h - amulet of the acrobat
HPRegen 0.30/turn               S - ring "Yroaxeing" {Fly rPois rN+ SInv}
MPRegen 0.14/turn               K - +4 ring of evasion

@: flying, studying Conjurations
A: (nimble swimmer 2), mertail
a: Renounce Religion, Wall Jump, Serpent's Lash, Heavenly Storm


You were on level 2 of the Orcish Mines.
You worshipped Wu Jian.
Wu Jian was extremely pleased with you.
You visited 4 branches of the dungeon, and saw 20 of its levels.
You also visited: Gauntlet and Ice Cave.

You collected 2201 gold pieces.
You spent 562 gold pieces at shops.

Inventory:

Hand Weapons
 c - a +5 trident of freezing (weapon)
Missiles
 d - 3 throwing nets (quivered)
 e - 16 javelins
 x - 11 silver javelins
Armour
 b - the -2 helmet "Dumoeral" (worn) {Will++}
   (You found it on level 3 of the Dungeon)

   Will:      It greatly increases your willpower.
 m - the +13 chain mail "Boucrul" (worn) {Str+3 Slay+6}
   (You found it on level 2 of the Dungeon)

   Str:       It affects your strength (+3).
   Slay:      It affects your accuracy & damage with ranged weapons and melee
   (+6).
 n - a +0 pair of boots (worn)
 q - a +2 cloak
 J - a scarf of harm (worn)
 O - the +0 pair of gloves "Nuock" {Str-4 Dex+6}
   (You found it in a Gauntlet)

   Str:       It affects your strength (-4).
   Dex:       It affects your dexterity (+6).
Jewellery
 h - an amulet of the acrobat (around neck)
 v - a ring of flight
 G - a +4 ring of protection
 K - a +4 ring of evasion (right hand)
 L - a ring of willpower
 S - the ring "Yroaxeing" (left hand) {Fly rPois rN+ SInv}
   (You bought it in a shop on level 2 of the Orcish Mines)

   [ring of poison resistance]

   rPois:     It protects you from poison.
   rN:        It protects you from negative energy.
   SInv:      It lets you see invisible.
   Fly:       It grants you flight.
Wands
 t - a wand of charming (4)
 w - a wand of iceblast (16)
 C - a wand of polymorph (10)
 E - a wand of paralysis (16)
 N - a wand of flame (13)
 P - a wand of digging (5)
 Q - a wand of acid (2)
Scrolls
 a - 6 scrolls of blinking
 f - 3 scrolls of fear
 o - 3 scrolls of magic mapping
 r - 10 scrolls of teleportation
 u - a scroll of fog
 y - 4 scrolls of enchant weapon
 A - a scroll of enchant armour
 B - 2 scrolls of amnesia
 I - 2 scrolls of immolation
 M - 2 scrolls of holy word
 R - a scroll of identify
Potions
 g - a potion of lignification
 i - 6 potions of curing
 j - 5 potions of attraction
 k - 7 potions of brilliance
 l - 2 potions of cancellation
 p - 4 potions of heal wounds
 s - a potion of magic
 z - 2 potions of flight
 D - 3 potions of mutation
 F - 3 potions of resistance
 H - a potion of ambrosia


   Skills:
 * Level 15.7 Fighting
 * Level 21.6 Polearms
 - Level 2.0 Throwing
 + Level 6.8 Armour
 * Level 12.7 Dodging


You had 13 spell levels left.
You didn't know any spells.
Your spell library contained the following spells:

 Spells                   Type           Power      Damage    Failure   Level
 Sandblast                Erth           0%         2d4       98%         1
 Slow                     Hex            0%         N/A       98%         1
 Blink                    Tloc           0%         N/A       99%         2
 Corpse Rot               Necr/Air       0%         N/A       99%         2
 Passwall                 Tmut/Erth      0%         N/A       99%         2
 Poisonous Vapours        Pois/Air       0%         N/A       99%         2
 Confusing Touch          Hex            0%         N/A       100%        3
 Stone Arrow              Conj/Erth      0%         3d7       100%        3
 Tukima's Dance           Hex            0%         N/A       100%        3
 Vampiric Draining        Necr           0%         2d6       100%        3
 Animate Armour           Summ/Erth      0%         N/A       100%        4
 Iskenderun's Mystic Bla  Conj/Tloc      0%         2d3       100%        4
 Leda's Liquefaction      Hex/Erth       0%         N/A       100%        4
 Passage of Golubria      Tloc           0%         N/A       100%        4
 Freezing Cloud           Conj/Ice/Air   0%         6-21      100%        5
 Manifold Assault         Tloc           0%         N/A       100%        5
 Silence                  Hex/Air        0%         N/A       100%        5
 Yara's Violent Unravell  Hex/Tmut       0%         3d3       100%        5
 Simulacrum               Ice/Necr       0%         N/A       100%        6
 Storm Form               Tmut/Air       0%         N/A       100%        7
 Lehudib's Crystal Spear  Conj/Erth      0%         10d2      100%        8
 Polar Vortex             Ice            0%         N/A       100%        9


Dungeon Overview and Level Annotations

Branches:
Dungeon (11/15)            Temple (1/1) D:7            Lair (6/6) D:10
 Shoals (0/4) Lair:3        Snake (0/4) Lair:3        Slime (0/5) Lair:5
    Orc (2/2) D:9             Elf (0/3) Orc:2         IceCv (visited)
Gauntlet (visited)

Altars:
Ashenzari
Cheibriados
Dithmenos
Elyvilon
Fedhas
Gozag
Hepliaklqana
Kikubaaqudgha
Makhleb
Nemelex Xobeh
Okawaru
Qazlal
Ru
Sif Muna
Trog
Uskayaw
Vehumet
Wu Jian
Xom
Yredelemnul
Zin
The Shining One
Jiyva

Shops:
D:6 [   Orc:2 *[

Annotations:
D:9 3 runed translucent doors, siradein's ghost, novice DsNe; spaghetti's ghost, novice GnWn


Innate Abilities, Weirdness & Mutations

((You are very nimble when in or above water. (Stealth+, EV+, Speed+++)))
Your lower body shifts to a powerful aquatic tail in water.


Message History

You puncture the orc knight! You freeze the orc knight.
The orc knight is severely wounded.
An orc knight comes into view. It is wielding a +3 bardiche.
You puncture the orc knight! You freeze the orc knight!
You kill the orc knight!
The Council accepts your kill.
Unknown command.
An orc comes into view. It is wielding a +0 arbalest.
An orc knight comes into view. It is wielding a +0 long sword.
Unknown command.
The orc knight roars a battlecry!
The orcs go into a battle-frenzy!
The orc knight roars a battlecry!
The orc knight goes into a battle-frenzy!
Unknown command.
You reach to attack!
You closely miss the orc knight. You barely miss the orc knight.
The orc knight misses you.
Unknown command.
You hit the orc knight but do no damage.
Unknown command.
You puncture the orc knight! You freeze the orc knight.
The orc knight is moderately wounded.
The orc knight hits you but does no damage.
The orc knight hits you with a +1 battleaxe of electrocution!!!
You completely miss the orc knight.
The orc knight is moderately wounded.
Unknown command.
You barely miss the orc knight.
The orc knight is moderately wounded.
The orc knight closely misses you.
The orc knight hits you with a +1 battleaxe of electrocution!
Unknown command.
You impale the orc knight!! You freeze the orc knight.
The orc knight is severely wounded.
The orc unwields a +0 arbalest.
The orc wields a +0 spear.
The orc misses you.
The orc knight hits you with a +0 long sword!!
* * * LOW HITPOINT WARNING * * *
The orc knight misses you.
The orc knight hits you with a +1 battleaxe of electrocution!!
You die...

#..... .... ..... ...
≈≈≈≈ ..# ≈§ ≈≈≈ ..# ≈≈≈
.≈ ..#≈.≈≈ #.
.#.o#.≈§≈#......#
#..####oo..####§.......#
#......@o.............#.
#.............. #......
##.####.).∩#### #......
#..§≈≈)#..#§≈§§ #....#
##.≈≈.≈#..# §§§###.#..##
##≈≈≈≈#..# §§≈.#......#
##.§≈≈≈#..#§≈§≈.........
#.......................
##......##....§.........


You could see 3 orc knights and an orc (strong).

Vanquished Creatures
  Gastronok (Lair:1)
  A dire elephant (Gauntlet)
  A minotaur (Gauntlet)
  An ettin (Orc:2)
  Fannar (Lair:1)
  A boulder beetle (Lair:6)
  An ice dragon (IceCv)
  3 hydras
  2 catoblepae
  3 two-headed ogres
  4 death yaks (Lair:6)
  A deep troll shaman (Lair:6)
  An orc high priest (Orc:2)
  Urug (Lair:5)
  A lindwurm (Lair:6)
  Pikel (D:6)
  5 orc knights (Orc:2)
  A cyclops (Orc:2)
  17 elephants
  A merfolk siren (Lair:3)
  2 ice statues (IceCv)
  8 cane toads
  3 black mambas
  An unseen horror (D:10)
  2 torpor snails
  4 rime drakes (IceCv)
  A kobold demonologist (D:11)
  5 komodo dragons
  2 trolls
  A polar bear (Lair:6)
  2 hornets (D:8)
  4 dream sheep (Lair:6)
  4 blink frogs (Lair:6)
  A slime creature (Gauntlet)
  A raiju (Gauntlet)
  2 vampires
  4 water elementals (D:10)
  66 yaks
  3 vampire mosquitoes (D:8)
  A wyvern (Lair:6)
  5 basilisks
  A death yak simulacrum (Lair:2)
  3 steam dragons
  3 wargs
  12 water moccasins
  14 orc warriors
  3 sky beasts
  2 black bears
  11 wolves
  8 ogres
  7 centaurs
  A lemure (D:6)
  3 phantoms
  6 kobold brigands
  A necrophage (D:7)
  3 scorpions
  10 bullfrogs
  A water moccasin zombie (D:4)
  14 wights
  5 killer bees (D:9)
  3 lindwurm simulacra (IceCv)
  6 electric eels
  2 bullfrog zombies (D:4)
  7 komodo dragon simulacra (IceCv)
  2 jellies
  12 orc priests
  8 hounds
  Crazy Yiuf (D:4)
  2 gnoll shamans
  2 iguanas (D:6)
  18 orc wizards
  2 scorpion zombies (D:4)
  A polar bear simulacrum (Lair:2)
  2 hound zombies (D:4)
  8 adders
  20 gnolls
  A howler monkey skeleton (D:4)
  6 acid dragon simulacra (IceCv)
  2 shadow imps
  A white imp (D:6)
  An ufetubus (D:5)
  5 steam dragon simulacra (IceCv)
  2 adder zombies (D:4)
  3 adder skeletons (D:4)
  3 worms
  48 orcs
  10 bats
  8 endoplasms
  4 giant cockroaches
  10 goblins
  7 hobgoblins
  5 quokkas
  6 ball pythons
  7 frilled lizards
  31 kobolds
  A quokka zombie (D:4)
  8 rats
543 creatures vanquished.

Vanquished Creatures (others)
  19 fungi
  34 plants
  A withered plant (D:4)
54 creatures vanquished.

Grand Total: 597 creatures vanquished

Notes
Turn   | Place    | Note
-------+----------+-------------------------------------------
     0 | D:1      | HendSelp the Merfolk Gladiator began the quest for the Orb.
     0 | D:1      | Reached XP level 1. HP: 16/16 MP: 1/1
   219 | D:1      | Reached XP level 2. HP: 20/22 MP: 2/2
   743 | D:1      | Reached XP level 3. HP: 28/28 MP: 3/3
  1094 | D:2      | Reached skill level 5 in Polearms
  1497 | D:2      | Found a hide-covered altar of Uskayaw.
  1533 | D:2      | Reached XP level 4. HP: 32/34 MP: 4/4
  1616 | D:2      | Reached skill level 5 in Dodging
  1740 | D:2      | Reached skill level 6 in Polearms
  2008 | D:2      | Reached XP level 5. HP: 40/40 MP: 5/5
  2432 | D:2      | Identified the +13 chain mail "Boucrul" {Str+3 Slay+6}
  2601 | D:3      | Found a faded altar of an unknown god.
  2624 | D:3      | Identified the -2 helmet "Dumoeral" {Will++}
  3384 | D:3      | Reached skill level 7 in Polearms
  3662 | D:4      | Reached XP level 6. HP: 47/47 MP: 6/6
  3730 | D:4      | Reached skill level 8 in Polearms
  3801 | D:4      | Reached XP level 7. HP: 50/53 MP: 7/7
  3891 | D:4      | Reached skill level 9 in Polearms
  4229 | D:4      | Found a runed translucent door.
  4230 | D:4      | Noticed Crazy Yiuf
  4363 | D:4      | Reached skill level 10 in Polearms
  4363 | D:4      | Reached XP level 8. HP: 56/61 MP: 8/8
  4592 | D:4      | Killed Crazy Yiuf
  4622 | D:5      | Entered Level 5 of the Dungeon
  4778 | D:5      | Noticed a yak
  4778 | D:5      | Noticed a yak
  4778 | D:5      | Noticed a yak
  4779 | D:5      | Noticed a yak
  4779 | D:5      | Noticed a yak
  4779 | D:5      | Noticed a yak
  4790 | D:5      | Killed a yak
  4791 | D:5      | Reached skill level 5 in Fighting
  4791 | D:5      | Reached skill level 11 in Polearms
  4796 | D:5      | Killed a yak
  4797 | D:5      | Killed a yak
  4800 | D:5      | Killed a yak
  4801 | D:5      | Reached skill level 12 in Polearms
  4805 | D:5      | Killed a yak
  4806 | D:5      | Reached XP level 9. HP: 55/69 MP: 9/9
  5082 | D:5      | Reached skill level 13 in Polearms
  5561 | D:5      | Found a sacrificial altar of Ru.
  5707 | D:6      | Reached skill level 14 in Polearms
  5736 | D:6      | Noticed Pikel
  5746 | D:6      | Killed Pikel
  5822 | D:6      | Found Duegakos's Armour Emporium.
  5880 | D:6      | Reached XP level 10. HP: 79/79 MP: 10/10
  5903 | D:6      | Reached skill level 15 in Polearms
  7172 | D:7      | Found a staircase to the Ecumenical Temple.
  7360 | Temple   | Entered the Ecumenical Temple
  7614 | Temple   | Became a worshipper of the Wu Jian Council
  7857 | D:8      | Reached skill level 16 in Polearms
  8044 | D:8      | Reached skill level 1 in Armour
  8819 | D:8      | Identified the +2 plate armour "Mado" {Harm rPois MP+9}
  8864 | D:9      | Reached * piety under Wu Jian
  8871 | D:9      | Reached XP level 11. HP: 80/87 MP: 11/11
  9086 | D:9      | Reached skill level 17 in Polearms
  9226 | D:9      | Reached ** piety under Wu Jian
  9415 | D:9      | Found a runed translucent gate.
  9415 | D:9      | Found a runed translucent gate.
  9415 | D:9      | Found a runed translucent gate.
  9416 | D:9      | Noticed siradein's ghost (novice DsNe)
  9416 | D:9      | Noticed spaghetti's ghost (novice GnWn)
  9696 | D:9      | Found a staircase to the Orcish Mines.
  9922 | D:10     | Entered Level 10 of the Dungeon
  9922 | D:10     | Noticed a two-headed ogre
  9927 | D:10     | Killed a two-headed ogre
 10013 | D:10     | Found a staircase to the Lair.
 10122 | D:10     | Reached skill level 10 in Fighting
 10277 | D:10     | Noticed a two-headed ogre
 10283 | D:10     | Killed a two-headed ogre
 10289 | D:10     | Reached skill level 18 in Polearms
 10610 | D:11     | Noticed a two-headed ogre
 10615 | D:11     | Killed a two-headed ogre
 10693 | D:11     | Reached XP level 12. HP: 99/99 MP: 12/12
 10781 | D:11     | Reached *** piety under Wu Jian
 10807 | D:11     | Reached skill level 10 in Dodging
 11105 | Lair:1   | Entered Level 1 of the Lair of Beasts
 11118 | Lair:1   | Noticed Gastronok
 11144 | Lair:1   | Killed Gastronok
 11644 | Lair:1   | Noticed Fannar
 11654 | Lair:1   | Killed Fannar
 12205 | Lair:2   | Found a frozen archway.
 12220 | IceCv    | Entered an ice cave
 12692 | IceCv    | Reached skill level 19 in Polearms
 12817 | IceCv    | Reached **** piety under Wu Jian
 12971 | IceCv    | Noticed an ice dragon
 12985 | IceCv    | Killed an ice dragon
 13339 | Lair:2   | Noticed a five-headed hydra
 13345 | Lair:2   | Killed a five-headed hydra
 13615 | Lair:2   | Noticed an eight-headed hydra
 13621 | Lair:2   | Killed an eight-headed hydra
 13622 | Lair:2   | Reached XP level 13. HP: 95/109 MP: 13/13
 14198 | Lair:3   | Reached skill level 5 in Armour
 14416 | Lair:3   | Identified the +1 chain mail of the Meadowlark {+Inv Fly
                  | rF-}
 14830 | Lair:3   | Found a staircase to the Shoals.
 15017 | Lair:3   | Found a staircase to the Snake Pit.
 15151 | Lair:4   | Found a gate leading to a gauntlet.
 15169 | Lair:4   | Reached skill level 20 in Polearms
 15176 | Gauntlet | Entered a Gauntlet
 15176 | Gauntlet | Found a transporter.
 15176 | Gauntlet | Found a transporter.
 15273 | Gauntlet | Found a transporter.
 15277 | Gauntlet | Found a transporter.
 15285 | Gauntlet | Found a transporter.
 15290 | Gauntlet | Found a transporter.
 15297 | Gauntlet | Noticed a dire elephant
 15298 | Gauntlet | Found a transporter.
 15317 | Gauntlet | Found a transporter.
 15334 | Gauntlet | Found a transporter.
 15346 | Gauntlet | Found a transporter.
 15350 | Gauntlet | Found a transporter.
 15430 | Gauntlet | Found a transporter.
 15779 | Gauntlet | Killed a dire elephant
 15789 | Gauntlet | Identified the +0 pair of gloves "Nuock" {Str-4 Dex+6}
 15875 | Gauntlet | Noticed a minotaur
 15882 | Gauntlet | Killed a minotaur
 16251 | Lair:4   | Reached ***** piety under Wu Jian
 16584 | Lair:4   | Found a shimmering altar of Xom.
 16949 | Lair:5   | Noticed Urug
 16967 | Lair:5   | Killed Urug
 17296 | Lair:5   | Reached XP level 14. HP: 121/121 MP: 14/14
 17681 | Lair:5   | Found a viscous altar of Jiyva.
 17681 | Lair:5   | Found a staircase to the Slime Pits.
 17982 | Lair:6   | Entered Level 6 of the Lair of Beasts
 18256 | Lair:6   | Reached skill level 21 in Polearms
 18830 | Lair:6   | Reached skill level 15 in Fighting
 19219 | Lair:6   | Got the Tome of Stones and Translocation
 19686 | Orc:1    | Entered Level 1 of the Orcish Mines
 19836 | Orc:2    | Entered Level 2 of the Orcish Mines
 20068 | Orc:2    | Found a staircase to the Elven Halls.
 20324 | Orc:2    | Found Pwuaw's Practical Paraphernalia.
 20369 | Orc:2    | Bought the ring "Yroaxeing" {Fly rPois rN+ SInv} for 562
                  | gold pieces
 20383 | Orc:2    | Found Lones's Armour Emporium.
 20396 | Orc:2    | Demolished by an orc knight

Illustrated notes

Levels and vault maps discovered:
D:1:      dpeg_arrival_subterranean_lakeside_camping, layout_loops_corners,
          minmay_heptomino_l4
D:2:      layout_basic, basic_altar, minmay_divided_ellipse
D:3:      layout_basic, chequers_ecumenical_altar_simple
D:4:      layout_gridville, serial_undead, serial_undead_d, serial_undead_f,
          serial_undead_b, serial_undead_f, serial_undead_c, serial_undead_d,
          chequers_big_river, uniq_crazy_yiuf_cottage
D:5:      layout_loops_corners, nicolae_ru_path_of_blood,
          hangedman_abyss_or_decor_slice
D:6:      layout_loops_ring, serial_shops, shop, minmay_diced_spiral, uniq_pikel
D:7:      layout_basic, minmay_temple_entry_large_hall
D:8:      layout_basic
D:9:      layout_roguey, erik_orc_2, gammafunk_ghost_cemetery,
          palyth_stone_intersect
D:10:     layout_rooms, lair_entry_dummy, nicolae_underground_beach
D:11:     layout_cross
Temple:   compressed_dpeg_triangle_lava_temple
Lair:1:   layout_hall_layers, uniq_fannar, uniq_gastronok
Lair:2:   layout_roguey, portal_ice_cave_entry_ice_simulacra,
          serial_bayou_lake_a
Lair:3:   layout_roguey, minmay_shoals_entry_lonely_mermaid, dummy_snake_entry,
          grunt_megastairs_1
Lair:4:   layout_misc_corridors, gauntlet_entry_generic, lemuel_centaur_altar,
          infiniplex_staircase_pool, serial_bayou_shore_b
Lair:5:   layout_loops_ring, dpeg_slime_entry_enclosed_altar,
          serial_bayou_shore_a, uniq_urug
Lair:6:   grunt_lair_end_beastmaster, layout_regular_city
Orc:1:    layout_diamond_mine
Orc:2:    st_orc_ogre_mass, layout_caves, nicolae_orc_flooded_monolith,
          nicolae_alphabet_shops, guppyfry_orc_lava_fort

Skill      XL: |  1  2  3  4  5  6  7  8  9 10 11 12 13 14 |
---------------+-------------------------------------------+-----
Polearms       | 5 6 7 8 10 12 14 16 18 19 20 21 | 21.6
Dodging        | 5 6 7 8 9 10 11 12 | 12.7
Fighting       | 3 4 5 7 8 10 12 14 15 | 15.7
Armour         | 1 3 4 6 |  6.8
Throwing       | |  2.0

Action                   |  1- 3 |  4- 6 |  7- 9 | 10-12 | 13-15 || total
-------------------------+-------+-------+-------+-------+-------++-------
Melee: Trident           |   126 |   124 |   187 |   594 |   532 ||  1563
       Punch             |     1 |     1 |     2 |     5 |     2 ||    11
       Tailslap          |       |       |       |     9 |       ||     9
Throw: Throwing net      |       |       |       |     2 |     2 ||     4
Invok: Whirlwind         |       |       |       |     1 |     3 ||     4
       Lunge             |       |       |       |     1 |     1 ||     2
       Serpent's Lash    |       |       |       |     1 |       ||     1
  Use: Scroll            |     3 |     9 |     4 |    12 |     2 ||    30
       Potion            |       |       |       |     4 |     1 ||     5
 Stab: Distracted        |     1 |       |       |       |       ||     1
       Sleeping          |     1 |       |       |       |       ||     1
       Invisible         |       |       |       |     1 |       ||     1
       Petrifying        |       |       |       |       |     1 ||     1
Armor: Leather armour    |    32 |    12 |       |       |       ||    44
       Chain mail        |       |    30 |    60 |   145 |   102 ||   337
Dodge: Dodged            |    76 |    44 |    60 |   148 |   221 ||   549

Table legend: (Time is in decaauts)
 A = Elapsed time spent in this place.
 B = Non-inter-level travel time spent in this place.
 C = Inter-level travel time spent in this place.
 D = Time resting spent in this place.
 E = Time spent auto-exploring this place.
 F = Levels seen in this place.
 G = Mean time per level.
                   A        B        C        D        E       F      G
               +--------+--------+--------+--------+--------+-----+--------+
         Total |  19734 |  18817 |    917 |    888 |  14770 |  22 |  897.0 |
       Dungeon |  10675 |  10110 |    565 |    266 |   8386 |  11 |  970.5 |
        Temple |    261 |    239 |     22 |      0 |    225 |   1 |  261.0 |
          Lair |   6310 |   6040 |    270 |      0 |   5303 |   6 | 1051.7 |
  Orcish Mines |    664 |    606 |     58 |      0 |    397 |   2 |  332.0 |
      Ice Cave |   1031 |   1031 |      0 |    591 |    244 |   1 | 1031.0 |
      Gauntlet |    789 |    789 |      0 |     31 |    213 |   1 |  789.0 |
               +--------+--------+--------+--------+--------+-----+--------+

Top non-repeatable levels by time:
     D:2: 1522 daAuts
  Lair:6: 1392 daAuts
  Lair:5: 1159 daAuts
     D:9: 1090 daAuts
     D:1: 1081 daAuts
     D:3: 1054 daAuts
  Lair:2: 1046 daAuts
   IceCv: 1031 daAuts
     D:5: 1025 daAuts
     D:6: 1014 daAuts
  Lair:3: 991 daAuts
     D:8: 983 daAuts
  Lair:1: 939 daAuts
     D:4: 934 daAuts
     D:7: 830 daAuts
